 Dungeon Crawl Stone Soup version 0.17.1-3-g152610e (webtiles) character file.

303 kaze the Ruffian (level 6, -8/61 HPs)
             Began as a Troll Monk on Mar 8, 2016.
             Mangled by Menkaure (19 damage)
             ... on level 5 of the Dungeon.
             The game lasted 00:05:13 (2744 turns).

kaze the Ruffian (Troll Monk)                       Turns: 2744, Time: 00:05:14

Health: -8/61      AC:  5    Str: 22    XL:     6   Next: 15%
Magic:  5/5        EV:  8    Int:  6    God:
Gold:   151        SH:  7    Dex: 12    Spells: 0 memorised, 5 levels left

rFire  . . .     SeeInvis .     j - +0 war axe
rCold  . . .     Clarity  .     a - +0 robe
rNeg   . . .     SustAt   .     o - +0 shield
rPois  .         Gourm    +     (helmet restricted)
rElec  .         Spirit   .     (no cloak)
rCorr  .         Warding  .     (gloves unavailable)
rMut   .         Stasis   .     (boots unavailable)
MR     .....                    (no amulet)
Stlth  ++........               (no ring)
                                (no ring)

@: not resistant to hostile enchantments, unstealthy
A: unfitting armour, claws 3, fast metabolism 3, gourmand, regeneration 2,
shaggy fur 1, tough skin 2
a: no special abilities


You were on level 5 of the Dungeon.
You were full.

You visited 1 branch of the dungeon, and saw 5 of its levels.

You collected 151 gold pieces.

Inventory:

Hand Weapons
 j - a +0 war axe (weapon)
Missiles
 d - 4 javelins (quivered)
 s - 7 tomahawks
Armour
 a - a +0 robe (worn)
 o - a +0 shield (worn)
Scrolls
 e - a scroll of magic mapping {unknown}
 f - 6 scrolls of identify {unknown}
 i - 2 scrolls of remove curse {unknown}
 l - 2 scrolls of teleportation {unknown}
 n - 3 scrolls of enchant weapon {unknown}
 p - a scroll of enchant armour {unknown}
Potions
 c - 2 potions of haste {unknown}
 g - 2 potions of curing {unknown}
 k - a potion of ambrosia {unknown}
 m - 2 potions of heal wounds {unknown}
 q - 2 potions of poison {unknown}
 r - a potion of flight {unknown}
Comestibles
 b - 4 bread rations
 h - 3 meat rations


   Skills:
 + Level 3.1 Fighting
 + Level 3.9 Dodging
 - Level 2.0 Stealth
 + Level 5.4 Unarmed Combat


You had 5 spell levels left.
You didn't know any spells.

Dungeon Overview and Level Annotations

Branches:
Dungeon (5/15)
 Temple: D:4-7

Altars:

Annotations:
D:5 Menkaure


Innate Abilities, Weirdness & Mutations

You are too large for most types of armour.
You have claws for hands.
Your metabolism is lightning-fast.
You like to eat raw meat.
You heal very quickly.
You are covered in fur (AC +1).
You have very tough skin (AC +2).


Message History

Menkaure hits you.
You hit Menkaure but do no damage.
Menkaure is lightly damaged.
Menkaure hits you!
A quokka comes into view.
You barely miss Menkaure.
Menkaure is lightly damaged.
The quokka moves out of view.
You block Menkaure's attack. Menkaure hits you!
* * * LOW HITPOINT WARNING * * *
You barely miss Menkaure.
Menkaure is lightly damaged.
Menkaure mumbles some strange words.
Menkaure seems to speed up.
You barely miss Menkaure.
Menkaure is lightly damaged.
Menkaure calls on the powers of darkness!
Your body is wracked with pain!
* * * LOW HITPOINT WARNING * * *
Menkaure hits you!!
You die...

##..##### #......#
#......### #......##
#.####..(####........
#.. ###..##......?..
##. ##..#.......#o
##.?.......#
###!.#......#
#...M######## #.##@#
... #.# ### #.# #.#
#.< ##. .. !. ...


You could see Menkaure.

Vanquished Creatures
  A giant frog (D:4)
  An orc priest (D:3)
  A crimson imp (D:5)
  An iguana (D:4)
  A worker ant (D:4)
  4 adders
  2 oozes
  2 worms (D:2)
  3 orcs (D:3)
  A ball python (D:3)
  7 bats
  11 hobgoblins
  13 jackals
  A quokka (D:2)
  3 giant cockroaches
  A giant cockroach zombie (D:5)
  3 giant geckos
  A giant gecko skeleton (D:5)
  2 giant newts
  10 goblins
  5 kobolds
  5 rats
79 creatures vanquished.

Notes
Turn   | Place    | Note
--------------------------------------------------------------
     0 | D:1      | kaze the Troll Monk began the quest for the Orb.
     0 | D:1      | Reached XP level 1. HP: 22/22 MP: 0/0
   131 | D:1      | Reached XP level 2. HP: 29/29 MP: 1/1
   961 | D:2      | Reached XP level 3. HP: 27/36 MP: 2/2
  1533 | D:3      | Reached XP level 4. HP: 44/44 MP: 3/3
  1795 | D:3      | Found a faded altar to an unknown god.
  1962 | D:4      | Reached XP level 5. HP: 43/52 MP: 4/4
  1974 | D:4      | Reached skill level 5 in Unarmed Combat
  2151 | D:4      | Noticed a giant frog
  2161 | D:4      | Killed a giant frog
  2586 | D:5      | Entered Level 5 of the Dungeon
  2615 | D:5      | Reached XP level 6. HP: 59/61 MP: 5/5
  2725 | D:5      | Noticed Menkaure
  2744 | D:5      | Mangled by Menkaure

Action                   |  1- 3 |  4- 6 || total
-------------------------+-------+-------++-------
Melee: Unarmed           |   104 |    90 ||   194
       War axe           |       |    13 ||    13
Throw: Javelin           |       |     2 ||     2
 Stab: Sleeping          |     4 |       ||     4
  Eat: Chunk             |    19 |     9 ||    28
